 Dungeon Crawl Stone Soup version 0.23.2-1-ga50397a (webtiles) character file.

Game seed: 13673370557465370236

39 Kairos the Digger (level 3, -4/25 (26) HPs)
             Began as a Ghoul Earth Elementalist on Apr 16, 2019.
             Slain by an adder (5 damage)
             ... on level 2 of the Dungeon.
             The game lasted 00:02:52 (1974 turns).

Kairos the Digger (Ghoul Earth Elementalist)        Turns: 1974, Time: 00:02:53

HP:   -4/25 (26)    AC:  2    Str: 11    XL:     3   Next: 45%
MP:   3/5           EV: 12    Int: 11    God:
Gold: 75            SH:  0    Dex:  9    Spells: 5/6 levels left

rFire    . . .     SeeInvis .   (no weapon)
rCold    + . .     Gourm    .   (no shield)
rNeg     + + +     Faith    .   c - +0 robe
rPois    ∞         Spirit   .   (no helmet)
rElec    .         Reflect  .   (no cloak)
rCorr    .         Harm     .   (no gloves)
MR       .....                  (no boots)
Stlth    +.........             (no amulet)
HPRegen  0.00/turn              a - ring of attention (curse)
MPRegen  0.09/turn              (no ring)

@: rotting
A: rotting body, claws 1, carnivore, cold resistance 1, negative energy
resistance 3, inhibited regeneration, torment resistance, unbreathing
a: no special abilities


You were on level 2 of the Dungeon.
You were near starving.

You visited 1 branch of the dungeon, and saw 2 of its levels.

You collected 75 gold pieces.

Inventory:

Missiles
 b - 4 stones (quivered)
Armour
 c - a +0 robe (worn)
Jewellery
 a - a cursed ring of attention (left claw)
Scrolls
 e - 2 scrolls of amnesia {unknown}
 i - a scroll of identify {unknown}
Potions
 f - 3 potions of lignification {unknown}
 g - a potion of curing {unknown}
 h - a potion of haste {unknown}
Comestibles
 d - 4 rations


   Skills:
 + Level 2.0 Dodging
 + Level 2.7 Stealth
 + Level 0.3 Unarmed Combat
 + Level 2.1 Spellcasting
   Level 0.8 Transmutations
 + Level 4.0 Earth Magic


You had 5 spell levels left.
You knew the following spells:

 Your Spells              Type           Power        Failure   Level  Hunger
a - Sandblast             Erth           ##....       5%          1    ##.....

Your spell library contained the following spells:

 Spells                   Type           Power        Failure   Level  Hunger
 Passwall                 Tmut/Erth      #.......     16%         2    ###....
 Stone Arrow              Conj/Erth      #.....       36%         3    ####...
 Petrify                  Tmut/Erth      #.......     71%         4    #####..
 Lee's Rapid Deconstruct  Erth           ##........   83%         5    ######.


Dungeon Overview and Level Annotations

Branches:
Dungeon (2/15)

Altars:


Innate Abilities, Weirdness & Mutations

Your body is rotting away.
You thrive on raw meat.
You are immune to poison.
You have sharp fingernails.
You are carnivorous and can eat meat at any time.
Your flesh is cold resistant. (rC+)
You are immune to negative energy. (rN+++)
You do not regenerate when monsters are visible.
You are immune to unholy pain and torment.
You can survive without breathing.


Message History

You scratch the worm.
The worm is almost dead.
You barely miss the worm.
The worm is almost dead.
The worm barely misses you.
You barely miss the worm.
The worm is almost dead.
The worm bites you.
* * * LOW HITPOINT WARNING * * *
You scratch the worm.
The worm is almost dead.
You scratch the worm but do no damage.
The worm is almost dead.
The adder bites you.
* * * LOW HITPOINT WARNING * * *
The worm misses you.
You scratch the worm.
You kill the worm!
The adder bites you.
You die...

.>.......####
............##
l.(..........##
#....g........#
#............#
#l.....w...#
#..........#
#####..........#
#S@)r.........##
#......###..........#
..##### #.......<..#
#..........#
#.%........#
#..........#
##..<.....##
##......## #######


You could see an adder and a rat.

Vanquished Creatures
  A worm (D:2)
  2 dart slugs (D:1)
  3 leopard geckos (D:1)
  2 ball pythons (D:1)
  A giant cockroach (D:1)
  6 goblins (D:1)
  2 hobgoblins (D:2)
  3 jackals (D:2)
  A quokka (D:2)
  A frilled lizard (D:2)
  4 rats (D:1)
  A bush (D:1)
27 creatures vanquished.

Notes
Turn   | Place    | Note
-------+----------+-------------------------------------------
     0 | D:1      | Kairos the Ghoul Earth Elementalist began the quest for the
                  | Orb.
     0 | D:1      | Reached XP level 1. HP: 14/14 MP: 2/2
   456 | D:1      | Reached XP level 2. HP: 6/20 MP: 1/3
  1286 | D:1      | Reached XP level 3. HP: 26/26 MP: 0/5
  1511 | D:1      | Reached skill level 4 in Earth Magic
  1973 | D:2      | HP: 1/25 [adder (1)]
  1974 | D:2      | Slain by an adder

Skill      XL: |  1  2  3 |
---------------+----------+-----
Dodging        | 2 |  2.0
Spellcasting   | 2 |  2.1
Earth Magic    | 4 |  4.0
Stealth        | |  2.7
Unarmed Combat | |  0.3
Transmutations | |  0.8

Action                   || total
-------------------------++-------
Melee: Unarmed           ||   324
 Cast: Sandblast         ||    26
  Eat: Chunk             ||     3
Armor: Robe              ||     9
Dodge: Dodged            ||    32
